 Dungeon Crawl Stone Soup version 0.22-a0-377-g846bec1 (webtiles) character file.

234 Alphaeus the Chopper (level 5, -5/47 HPs)
             Began as a Minotaur Chaos Knight on Apr 28, 2018.
             Impaled on a porcupine (glowing shapeshifter)'s spines (11 damage)
             ... on level 2 of the Dungeon.
             The game lasted 00:02:11 (1896 turns).

Alphaeus the Chopper (Minotaur Chaos Knight)        Turns: 1896, Time: 00:02:12

Health: -5/47      AC:  6    Str: 16    XL:     5   Next: 75%
Magic:  4/4        EV:  9    Int:  9    God:    Xom [..*...]
Gold:   127        SH:  9    Dex: 11    Spells: 4/4 levels left

rFire    . . .     SeeInvis .   a - +0 hand axe (chaos)
rCold    . . .     Gourm    .   e - +2 shield
rNeg     . . .     Faith    .   b - +3 leather armour
rPois    +         Spirit   .   (helmet restricted)
rElec    .         Reflect  .   (no cloak)
rCorr    .         Harm     .   (no gloves)
MR       .....                  (no boots)
Stlth    +.........             (no amulet)
HPRegen  0.15/turn              g - ring of poison resistance
MPRegen  0.09/turn              (no ring)

@: no status effects
A: retaliatory headbutt, horns 2
a: Renounce Religion


You were on level 2 of the Dungeon.
You worshipped Xom.
You were a toy of Xom.
You were not hungry.

You visited 1 branch of the dungeon, and saw 2 of its levels.

You collected 127 gold pieces.

Inventory:

Hand Weapons
 a - a +0 hand axe of chaos (weapon)
Armour
 b - a +3 leather armour (worn)
 e - a +2 shield (worn)
Jewellery
 g - a ring of poison resistance (left hand)
 j - an uncursed ring of protection from magic
 m - an uncursed amulet of the acrobat {unknown}
Scrolls
 d - a scroll of magic mapping {unknown}
 f - a scroll of identify
 i - 2 scrolls of enchant armour
 k - a scroll of remove curse
Potions
 n - a potion of lignification {unknown}
Comestibles
 c - 4 rations


   Skills:
 + Level 4.9 Fighting
 * Level 5.1 Axes
 - Level 4.0 Armour
 - Level 3.0 Dodging
 * Level 1.0 Shields


You had 4 spell levels left.
You didn't know any spells.

Dungeon Overview and Level Annotations

Branches:
Dungeon (2/15)

Altars:


Innate Abilities, Weirdness & Mutations

You reflexively headbutt those who attack you in melee.
You have a pair of horns on your head.


Message History

The wyvern is almost dead.
The wyvern closely misses you.
You barely miss the wyvern.
The wyvern is almost dead.
The wyvern bites you!
* * * LOW HITPOINT WARNING * * *
The wyvern bites you.
* * * LOW HITPOINT WARNING * * *
You are too injured to fight recklessly!
You are too injured to fight recklessly!
It was a potion of cancellation.
You feel magically purged.
Xom roars with laughter!
The wyvern bites you.
* * * LOW HITPOINT WARNING * * *
You barely miss the wyvern.
The wyvern is almost dead.
The wyvern changes into a porcupine!
You are struck by the porcupine's spines.
You die...
Xom thinks this is hilarious!

#.#'##.# #.# #.#.#
#......# #.###.#.#
##.....## ####.......#
##.......###......≈≈≈.#
###.........##.###..≈(≈.#
..'...<.....'..# #..≈≈≈.#
###.........##.###......#
##÷......###.........##
##.....## ###@#######
##...## #r# ##+## #.# #g#
#.# #.# #.# #.# #.#


You could see a porcupine shaped shifter and a goblin.

Vanquished Creatures
  Sigmund (D:2)
  2 oozes
  A worm (D:2)
  A dart slug (D:1)
  5 leopard geckos
  4 giant cockroaches
  4 goblins
  4 hobgoblins
  5 kobolds
  5 bats (D:2)
  4 frilled lizards
  5 rats
41 creatures vanquished.

Vanquished Creatures (collateral kills)
  Terence (D:2)
1 creature vanquished.

Grand Total: 42 creatures vanquished

Notes
Turn   | Place    | Note
-------+----------+-------------------------------------------
     0 | D:1      | Alphaeus the Minotaur Chaos Knight began the quest for the Orb.
     0 | D:1      | Reached XP level 1. HP: 19/19 MP: 0/0
   145 | D:1      | XOM: divination: detect creatures
   201 | D:1      | Reached XP level 2. HP: 27/27 MP: 1/1
   280 | D:1      | XOM: harmless Ice miscast
   440 | D:1      | Reached skill level 4 in Axes
   731 | D:2      | Reached XP level 3. HP: 33/33 MP: 2/2
   949 | D:2      | Noticed Sigmund
   965 | D:2      | XOM: silly message
   965 | D:2      | Killed Sigmund
   965 | D:2      | Reached XP level 4. HP: 6/41 MP: 3/3
   965 | D:2      | Reached XP level 5. HP: 7/47 MP: 4/4
  1270 | D:2      | Noticed Terence
  1272 | D:2      | XOM: cast spell 'Call Canine Familiar'
  1276 | D:2      | Killed Terence
  1276 | D:2      | Reached skill level 5 in Axes
  1363 | D:2      | Reached skill level 1 in Shields
  1448 | D:2      | XOM: divination: detect items
  1846 | D:2      | XOM: silly message
  1885 | D:2      | Noticed a boggart
  1885 | D:2      | a frilled lizard changed into a boggart
  1887 | D:2      | Noticed a wyvern
  1887 | D:2      | a boggart changed into a wyvern
  1889 | D:2      | XOM: harmless Summ miscast
  1894 | D:2      | Noticed a porcupine
  1894 | D:2      | a wyvern changed into a porcupine
  1896 | D:2      | Impaled on a porcupine (glowing shapeshifter)'s spines

Vault maps used:
D:1:      doesnt_arrival_eight_statues
D:2:      first_ration, wad_floor_pattern_2, corexii_item_surrounded_by_moat,
          uniq_sigmund, uniq_terence

Skill      XL: |  1  2  3  4  5 |
---------------+----------------+-----
Axes           | 4 5 |  5.1
Fighting       | 4 |  4.9
Armour         | 3 4 |  4.0
Dodging        | 3 |  3.0
Shields        | 1 |  1.0

Action                   |  1- 3 |  4- 6 || total
-------------------------+-------+-------++-------
Melee: Hand axe          |    55 |    60 ||   115
       Headbutt          |     8 |     7 ||    15
  Use: Scroll            |     4 |       ||     4
       Potion            |     1 |     2 ||     3
 Stab: Confused          |     1 |       ||     1
       Paralysed         |       |     2 ||     2
  Eat: Chunk             |       |     3 ||     3
Armor: Leather armour    |    14 |    13 ||    27
Dodge: Dodged            |    38 |    23 ||    61
Block: Shield            |       |    17 ||    17

Table legend:
 A = Spawn XP
 B = Non-spawn XP
 C = Spawn XP percentage of total XP
 D = Spawn monster count
 E = Non-spawn monster count
 F = Spawn count percentage of total count
 G = Total turns spent on level
                    A         B        C        D         E        F      G
               +---------+---------+-------+---------+---------+-------+---------
         Total |       0 |     335 |   0.0 |       0 |      42 |   0.0 |  1896
               +---------+---------+-------+---------+---------+-------+---------
           D:1 |       0 |      30 |   0.0 |       0 |      14 |   0.0 |   723
           D:2 |       0 |     305 |   0.0 |       0 |      28 |   0.0 |  1173
               +---------+---------+-------+---------+---------+-------+---------
